 Dungeon Crawl Stone Soup version 0.15-a0-2130-g28e4b74 (webtiles) character file.

1391 Leibowitz the Nimble (level 8, -3/65 HPs)
             Began as a Merfolk Gladiator on July 16, 2014.
             Was an Initiate of Gozag.
             Shot with a bolt by a kobold (4 damage)
             ... on Level 6 of the Dungeon.
             The game lasted 00:31:00 (7503 turns).

Leibowitz the Nimble (Merfolk Gladiator)            Turns: 7503, Time: 00:31:00

HP  -3/65        AC  6     Str 15      XL: 8   Next: 68%
MP   9/9         EV 16     Int  8      God: Gozag
Gold 527         SH  0     Dex 14      Spells:  0 memorised,  7 levels left

rFire  + . .     SeeInvis .     a - +1 trident
rCold  + . .     Clarity  .     i - +0 leather armour
rNeg   . . .     rCorr    .     (no shield)
rPois  .         rRot     .     (helmet restricted)
rElec  .         Spirit   .     q - +0 cloak
SustAb .         Warding  .     p - +1 pair of gloves
rMut   .         Stasis   .     (no boots)
Gourm  .                        e - amulet of faith
MR     +....                    s - ring of protection from fire
                                w - ring of protection from magic

@: somewhat resistant to hostile enchantments, very unstealthy
A: change form in water, swift swim, antennae 1, clumsy 1, cold resistance 1
a: Potion Petition, Call Merchant, Bribe Branch, Renounce Religion


You were on level 6 of the Dungeon.
You worshipped Gozag.
Gozag was noncommittal.
You were not hungry.

You visited 2 branches of the dungeon, and saw 7 of its levels.
You also visited: Ossuary.

You collected 657 gold pieces.
You paid 130 gold pieces to Gozag.

Inventory:

Hand weapons
 a - a +1 trident (weapon)
 b - a +0 blowgun
 n - a +0 trident
Missiles
 d - 3 throwing nets
 k - 8 curare-tipped needles
 t - 28 stones
 A - 6 javelins (quivered)
 D - 5 needles of confusion
 G - 15 poisoned needles
Armour
 c - a +0 helmet
 i - a +0 leather armour (worn)
 p - a +1 pair of gloves (worn)
 q - a +0 cloak (worn)
Magical devices
 m - a wand of frost (2)
 L - a wand of cold (7)
Comestibles
 f - 5 bread rations
Scrolls
 h - 3 scrolls of fog
 j - a scroll of amnesia {unknown}
 r - 7 scrolls of identify
 y - 5 scrolls of remove curse
 E - a scroll of torment {unknown}
 F - a scroll of summoning {unknown}
 J - a scroll of teleportation
 K - a scroll of enchant armour
 M - a scroll of magic mapping
Jewellery
 e - an amulet of faith (around neck)
 s - a ring of protection from fire (right hand)
 v - the ring "Lyobroh" {rN+ Dex-3 Int+5}
   (You found it on level 4 of the Dungeon)

   [ring of positive energy]

   It affects your intelligence (+5).
   It affects your dexterity (-3).
   It protects you from negative energy.
 w - a ring of protection from magic (left hand)
 z - a +3 ring of intelligence
 B - an uncursed ring of see invisible
Potions
 g - a potion of might
 l - a potion of invisibility
 o - a potion of cancellation
 u - 2 potions of curing
 x - a potion of porridge
 C - 2 potions of brilliance
 H - a potion of heal wounds
 I - a potion of haste


   Skills:
 * Level 6.8 Fighting
 + Level 8.3 Polearms
 + Level 2.0 Throwing
 + Level 2.5 Armour
 + Level 8.5 Dodging
 + Level 0.9 Evocations


You had 7 spell levels left.
You didn't know any spells.

Dungeon Overview and Level Annotations

Branches:
Dungeon (6/15)             Temple (1/1) D:4

Altars:
Ashenzari
Cheibriados
Elyvilon
Fedhas
Gozag
Kikubaaqudgha
Makhleb
Nemelex Xobeh
Okawaru
Qazlal
Sif Muna
Trog
Vehumet
Xom
Yredelemnul
Zin
The Shining One


Innate Abilities, Weirdness & Mutations

You revert to your normal form in water.
You are very nimble and swift while swimming.
You have a pair of small antennae on your head.
You are clumsy. (Dex -2)
Your flesh is cold resistant.


Message History

Aim: a four-headed hydra zombie You reach to attack!
You hit the four-headed hydra zombie.
A jelly comes into view.
There is a stone staircase leading down here.
You can't go up here!
The jelly quivers.
The kobold shoots a bolt.
The bolt hits you!
* * * LOW HITPOINT WARNING * * *
The four-headed hydra zombie bites you.
* * * LOW HITPOINT WARNING * * *
The four-headed hydra zombie closely misses you.
The four-headed hydra zombie misses you.
The four-headed hydra zombie bites you!
* * * LOW HITPOINT WARNING * * *
You see here a bolt.
Read which item? (? for menu, Esc to quit)
Okay, then.
The kobold shoots a bolt.
The bolt hits you.
You die...
Your body crumbles into a pile of gold.

> .....########....##
.....................##
.........##...........# ##
.........##.........#.### ##.##
.. #......#.....#####...####...#
..##....#.#.....## ###........#
##......#........#####...###...#
#........#...<.J.#.....#.###...#
.........#...(.Z@..#####..##..###
.).)...(.#.......### ##....#..#
##.).....##...>..# ###.....#
######....K.....## #.#....
###.........# ###.#....
#.........## #...#....
#..........## #.#......
#...........## #...#....
#.........#..####..##....


You could see a jelly, a four-headed hydra zombie and a kobold.

Vanquished Creatures
  Menkaure (Ossuary)
  A phantom (D:4)
  An ogre (D:6)
  2 centaurs (D:6)
  3 giant frogs (D:6)
  A scorpion (D:5)
  A crimson imp (D:5)
  3 wights (D:6)
  The ghost of Charly the Grave Robber, a weakling VSNe (D:4)
  An orc priest (D:6)
  2 hounds
  An orc wizard (D:4)
  2 iguanas
  3 worker ants (D:6)
  Ijyb (D:2)
  A sky beast zombie (D:6)
  Terence (D:2)
  3 mummies (Ossuary)
  9 adders
  4 shadow imps
  2 worms
  An inept item mimic (Ossuary)
  A giant mite (D:3)
  6 giant geckos
  An ooze (D:1)
  11 orcs
  8 bats
  3 giant cockroaches
  3 gnoll skeletons (Ossuary)
  A gnoll zombie (Ossuary)
  19 goblins
  11 hobgoblins
  15 jackals
  16 kobolds
  3 quokkas
  4 giant newts
  3 goblin skeletons (Ossuary)
  5 goblin zombies (Ossuary)
  2 hobgoblin skeletons (Ossuary)
  2 kobold skeletons
  5 kobold zombies
  2 orc skeletons (Ossuary)
  6 orc zombies (Ossuary)
  5 rats
  3 rat zombies (Ossuary)
180 creatures vanquished.

Vanquished Creatures (others)
  A gnoll zombie (Ossuary)
  5 gnoll skeletons (Ossuary)
  A goblin skeleton (Ossuary)
  A goblin zombie (Ossuary)
  A hobgoblin skeleton (Ossuary)
  2 hobgoblin zombies (Ossuary)
  A kobold skeleton (Ossuary)
  3 orc skeletons (Ossuary)
  3 rat skeletons (Ossuary)
  2 rat zombies (Ossuary)
20 creatures vanquished.

Grand Total: 200 creatures vanquished

Notes
Turn   | Place    | Note
--------------------------------------------------------------
     0 | D:1      | Leibowitz, the Merfolk Gladiator, began the quest for the Orb.
     0 | D:1      | Reached XP level 1. HP: 16/16 MP: 1/1
   297 | D:1      | Reached XP level 2. HP: 16/23 MP: 2/2
   698 | D:1      | Reached skill level 5 in Polearms
   726 | D:1      | Reached XP level 3. HP: 25/28 MP: 3/3
  1256 | D:2      | Noticed Terence
  1279 | D:2      | Killed Terence
  1768 | D:2      | Reached XP level 4. HP: 24/35 MP: 4/4
  2183 | D:2      | Noticed Ijyb
  2230 | D:2      | Killed Ijyb
  2230 | D:2      | Reached skill level 5 in Dodging
  2693 | D:2      | Reached XP level 5. HP: 24/41 MP: 5/5
  3232 | D:3      | Reached skill level 1 in Armour
  3457 | D:3      | Gained mutation: You are clumsy. (Dex -2) [potion of mutation]
  3457 | D:3      | Gained mutation: You have a pair of small antennae on your head. [potion of mutation]
  3457 | D:3      | Gained mutation: Your flesh is cold resistant. [potion of mutation]
  3510 | D:4      | Noticed Charly's ghost (weakling VSNe)
  3513 | D:4      | Killed Charly's ghost
  3513 | D:4      | Reached skill level 6 in Dodging
  3619 | D:4      | Noticed a phantom
  3653 | D:4      | Killed a phantom
  3653 | D:4      | Reached XP level 6. HP: 30/48 MP: 6/6
  3791 | D:4      | Found a deep blue altar of Sif Muna.
  3791 | D:4      | Found a staircase to the Ecumenical Temple.
  3793 | D:4      | Found a basalt altar of Yredelemnul.
  3795 | D:4      | Found a white marble altar of Elyvilon.
  3796 | D:4      | Found an ancient bone altar of Kikubaaqudgha.
  3818 | Temple   | Entered the Ecumenical Temple
  4055 | Temple   | Became a worshipper of Gozag Ym Sagoz the Greedy
  4080 | D:4      | Found a radiant altar of Vehumet.
  4287 | D:4      | Got an ancient amber ring
  4289 | D:4      | Identified the ring "Lyobroh" {rN+ Dex-3 Int+5} (You found it on level 4 of the Dungeon)
  4949 | D:5      | Entered Level 5 of the Dungeon
  5134 | D:5      | Reached skill level 7 in Dodging
  5134 | D:5      | Reached XP level 7. HP: 41/55 MP: 7/7
  5234 | D:5      | Found a sand-covered staircase.
  5238 | Ossuary  | Entered an ossuary
  5507 | Ossuary  | Noticed Menkaure
  5511 | Ossuary  | Killed Menkaure
  6065 | D:5      | Reached skill level 5 in Fighting
  6718 | D:6      | Reached XP level 8. HP: 19/64 MP: 8/8
  6758 | D:6      | HP: 2/64 [ogre/giant spiked club (5)]
  6759 | D:6      | Reached skill level 8 in Dodging
  7457 | D:6      | Noticed a four-headed hydra zombie
  7500 | D:6      | HP: 1/65 [four-headed hydra zombie (7)]
  7503 | D:6      | Shot with a bolt by a kobold

Action                   |  1- 3 |  4- 6 |  7- 9 || total
-------------------------+-------+-------+-------++-------
Melee: Trident           |   137 |   367 |   293 ||   797
 Fire: Blowgun           |       |       |     7 ||     7
Throw: Javelin           |       |     2 |       ||     2
Evoke: Wand              |       |       |     6 ||     6
  Use: Potion            |       |     7 |     5 ||    12
       Scroll            |       |    11 |     1 ||    12
 Stab: Distracted        |       |       |     1 ||     1
  Eat: Chunk             |     3 |     5 |       ||     8
       Pizza             |       |     1 |     1 ||     2
       Fruit             |       |     4 |       ||     4
       Meat ration       |       |     1 |     1 ||     2
       Beef jerky        |       |       |     1 ||     1
